 Dungeon Crawl Stone Soup version 0.31-a0-986-g5e6e4ef867 (webtiles) character file.

Game seed: 9270512424599851850

160 p00ps00p the Trooper (level 5, -1/47 HPs)
             Began as a Hill Orc Fighter on Nov 11, 2023.
             Slain by an orc wizard
             ... wielding a +0 dagger
              (3 damage)
             ... on level 3 of the Dungeon.
             The game lasted 00:02:57 (2272 turns).

p00ps00p the Trooper (Hill Orc Fighter)             Turns: 2272, Time: 00:02:58

Health: -1/47      AC:  9    Str: 21    XL:     5   Next: 41%
Magic:  0/5        EV:  9    Int:  8    God:
Gold:   165        SH:  0    Dex: 10    Spells: 4/4 levels left

rFire   . . .        a - +1 war axe
rCold   . . .        c - +0 buckler
rNeg    . . .        b - +0 scale mail
rPois   .            p - +2 hat
rElec   .            (no cloak)
rCorr   .            (no gloves)
SInv    .            (no boots)
Will    .....        i - amulet of guardian spirit Stlth
                     (no ring)
HPRegen 0.27/turn    (no ring)
MPRegen 0.09/turn

%: guardian spirit
@: confused, mighty
A: no striking features
a: no special abilities


You were on level 3 of the Dungeon.
You visited 1 branch of the dungeon, and saw 3 of its levels.

You collected 165 gold pieces.

Inventory:

Hand Weapons
 a - a +1 war axe (weapon)
Missiles
 k - 2 throwing nets
Armour
 b - a +0 scale mail (worn)
 c - a +0 buckler (worn)
 o - the +1 leather armour "Lufelorch" {Fly}
   (You found it on level 3 of the Dungeon)

   Fly:       It grants you flight.
 p - a +2 hat (worn)
Jewellery
 i - an amulet of guardian spirit (around neck)
Scrolls
 h - 2 scrolls of teleportation
 j - a scroll of noise
 l - a scroll of fear
 q - a scroll of identify
Potions
 e - 3 potions of enlightenment {unknown}
 f - a potion of curing
 g - 2 potions of heal wounds {unknown}
 m - a potion of mutation {unknown}
 n - a potion of attraction {unknown}


   Skills:
 + Level 4.7 Fighting
 + Level 4.3 Axes
 + Level 4.2 Armour
 + Level 4.3 Shields


You had 4 spell levels left.
You didn't know any spells.
Your spell library contained the following spells:

 Spells                   Type           Power      Damage    Failure   Level
 Frozen Ramparts          Ice            0%         1d1       99%         3
 Petrify                  Tmut/Erth      0%         N/A       100%        4
 Metabolic Englaciation   Hex/Ice        0%         N/A       100%        5


Dungeon Overview and Level Annotations

Branches:
Dungeon (3/15)

Altars:
Gozag


Message History

You slash the orc priest!
You kill the orc priest!
You closely miss something. You barely miss something.
Something hits you but does no damage. Something hits you.
You have reached level 5!
You feel stronger.
You hit the orc.
The orc is severely wounded.
You closely miss something. x2; Something hits you but does no damage.
Something hits you.
* * * LOW HITPOINT WARNING * * *
The orc hits you but does no damage.
You slash the orc!
You kill the orc!
You hit something. You barely miss something.
You hear some strange, mumbled words.
You are confused.
You hear some strange, mumbled words.
A puff of flame appears from out of thin air!
The puff of flame hits you but does no damage.
Something hits you.
* * * LOW HITPOINT WARNING * * *
Something hits you but does no damage. Something hits you but does no damage.
You hear some strange, mumbled words.
A magic dart appears from out of thin air!
The magic dart hits you!
* * * LOW HITPOINT WARNING * * *
You slash something!
Reactivating autopickup.
You feel a bit more experienced.
You completely miss something. Something hits you but does no damage.
Deactivating autopickup; reactivate with Ctrl-A.
You closely miss something. Something hits you but does no damage.
You hear some strange, mumbled words.
A puff of flame appears from out of thin air!
The puff of flame hits you.
* * * LOW HITPOINT WARNING * * *
You miss something. Something hits you but does no damage. Something hits you.
You die...

♣..♣
#..#......>.#
♣..♣
##......#...#
♣..♣
#..#.....).#####
♣♣.♣♣
#..#...........#
♣♣.♣
#..........###.#
♣.♣♣
#..#.......###.#
♣♣.♣
##.#.#.....#...#
♣.♣
#.#.#.....#.###
♣♣.♣
#.#.##@{).#.#
♣..♣
#.......)...#
♣.♣♣
#.#.####..###
♣♣.♣
#...........#
♣..♣
#...o.......#
♣.♣♣
...............
♣.♣♣
#...........###
♣♣.♣
........#####
♣.♣♣ #.####..#


There were no monsters in sight!

Vanquished Creatures
  An orc priest (D:3)
  A sleepcap (D:3)
  An orc wizard (D:3)
  An adder (D:2)
  2 dart slugs (D:1)
  7 orcs (D:3)
  A bat (D:2)
  5 endoplasms
  5 giant cockroaches
  4 goblins
  4 hobgoblins (D:1)
  2 jackals (D:2)
  5 kobolds
  A quokka (D:3)
  6 ball pythons
  3 frilled lizards
  9 rats
58 creatures vanquished.

Notes
Turn   | Place    | Note
-------+----------+-------------------------------------------
     0 | D:1      | p00ps00p the Hill Orc Fighter began the quest for the Orb.
     0 | D:1      | Reached XP level 1. HP: 19/19 MP: 1/1
   214 | D:1      | Reached XP level 2. HP: 27/27 MP: 2/2
   564 | D:1      | Reached XP level 3. HP: 32/33 MP: 3/3
  1603 | D:3      | Reached XP level 4. HP: 35/40 MP: 2/4
  1811 | D:3      | Identified the +1 leather armour "Lufelorch" {Fly}
  1871 | D:3      | Found an opulent altar of Gozag.
  2035 | D:3      | Identified the +0 robe of Qaviokoi {+Blink rPois Regen+}
  2266 | D:3      | Reached XP level 5. HP: 15/47 MP: 2/5
  2271 | D:3      | HP: 2/47 [something/puff of flame (5)]
  2272 | D:3      | Slain by an orc wizard

Illustrated notes

Levels and vault maps discovered:
D:1:      scummos_arrival_forest, layout_basic, serial_co_window_serial,
          co_window_corner_a, co_window_corner_a, co_window_paths_b,
          co_window_corner_a, co_window_corner_a, co_window_unsneaky_path_b,
          co_window_2corner, co_window_2corner, co_window_corner_b,
          co_window_4corner_b, glass_columns_c, glass_columns_b,
          minmay_indecisive_spiral
D:2:      layout_rooms, grunt_decor_mini_mirrors
D:3:      kb_forest_paths, layout_basic, general_overflow_altar,
          dreamdust_ecumenical_altar_hidden_monk_grotto, hellmonk_no_cap

Skill      XL: |  1  2  3  4 |
---------------+-------------+-----
Axes           | 3 4 |  4.3
Fighting       | 4 |  4.7
Armour         | 4 |  4.2
Shields        | 4 |  4.3

Action                     |  1- 3 |  4- 6 || total
---------------------------+-------+-------++-------
  Melee: War axe           |    89 |    58 ||   147
    Use: Scroll            |     6 |       ||     6
         Potion            |       |     1 ||     1
 Armour: Scale mail        |    52 |    57 ||   109
  Dodge: Dodged            |    41 |    25 ||    66
  Block: Buckler           |    16 |     9 ||    25

Table legend: (Time is in decaauts)
 A = Elapsed time spent in this place.
 B = Non-inter-level travel time spent in this place.
 C = Inter-level travel time spent in this place.
 D = Time resting spent in this place.
 E = Time spent auto-exploring this place.
 F = Levels seen in this place.
 G = Mean time per level.
                   A        B        C        D        E       F      G
               +--------+--------+--------+--------+--------+-----+--------+
         Total |   2324 |   2299 |     25 |      0 |   1907 |   3 |  774.7 |
       Dungeon |   2324 |   2299 |     25 |      0 |   1907 |   3 |  774.7 |
               +--------+--------+--------+--------+--------+-----+--------+

Top non-repeatable levels by time:
     D:1: 1145 daAuts
     D:3: 708 daAuts
     D:2: 470 daAuts
